 Dungeon Crawl Stone Soup version 0.32-a0-765-gfba4d74c8c (webtiles) character file.

Game seed: 15264909098900770134

53 GordonOverkill the Sneak (level 3, -2/29 HPs)
             Began as a Demonspawn Delver on Mar 18, 2024.
             Slain by Duvessa
             ... wielding a +0 short sword
              (16 damage)
             ... on level 4 of the Dungeon.
             The game lasted 00:02:10 (242 turns).

GordonOverkill the Sneak (Demonspawn Delver)         Turns: 242, Time: 00:02:11

Health: -2/29      AC:  5    Str: 14    XL:     3   Next: 64%
Magic:  3/3        EV: 10    Int: 10    God:
Gold:   17         SH:  0    Dex: 14    Spells: 2/2 levels left

rFire   . . .        a - +0 hand axe
rCold   . . .        (no shield)
rNeg    . . .        b - +0 leather armour
rPois   .            (no helmet)
rElec   .            (no cloak)
rCorr   .            (no gloves)
SInv    .            (no boots)
Will    .....        (no amulet)
Stlth   +            (no ring)
HPRegen 0.24/turn    (no ring)
MPRegen 0.08/turn

%: no passive effects
@: lit by a corona, glowing
A: claws 1, molten scales 1
a: no special abilities


You were on level 4 of the Dungeon.
You visited 1 branch of the dungeon, and saw 3 of its levels.

You collected 17 gold pieces.

Inventory:

Hand Weapons
 a - a +0 hand axe (weapon)
Armour
 b - a +0 leather armour (worn)
Wands
 g - a wand of digging (1)
Scrolls
 c - a scroll of fog


   Skills:
 - Level 3.0 Fighting
 + Level 3.7 Axes
 - Level 1.7 Dodging
 - Level 4.5 Stealth


You had 2 spell levels left.
You didn't know any spells.
Your spell library was empty.

Dungeon Overview and Level Annotations

Branches:
Dungeon (6/15)
 Temple: D:4-7

Altars:

Annotations:
D:4 Duvessa


Innate Abilities, Weirdness & Mutations

You have sharp fingernails.
You are partially covered in molten scales. (AC +2)


Message History

You now have 17 gold pieces (gained 5).
Dowan is engulfed in poison gas.
Dowan is poisoned.
Dowan gestures at you while chanting.
You are outlined in light.
You hit Dowan but do no damage.
Dowan is lightly wounded.
Dowan is engulfed in poison gas.
Dowan looks even sicker.
Dowan closely misses you.
You miss Dowan.
Dowan is lightly wounded.
Dowan is engulfed in poison gas.
Dowan looks even sicker.
Dowan casts a spell at you. The puff of frost hits you.
Dowan is engulfed in poison gas.
Dowan looks as sick as possible!
Dowan closely misses you.
You barely miss Dowan.
Dowan is severely wounded.
Dowan is engulfed in poison gas.
Dowan looks as sick as possible!
You kill Dowan!
Duvessa screams, "No!
How DARE you!"
Duvessa goes berserk!
Your Axes skill increases to level 3!
You have reached level 2!
Your demonic ancestry asserts itself...
Your fingernails lengthen.
You have reached level 3!
Your experience leads to an increase in your attributes!
Increase (S)trength, (I)ntelligence, or (D)exterity?
You feel stronger. x2; Your demonic ancestry asserts itself...
Molten scales grow over part of your body.
You aren't carrying any potions.
Okay, then.
Duvessa rages.
Duvessa is poisoned.
Duvessa hits you with a +0 short sword.
You hit Duvessa but do no damage.
Duvessa is engulfed in poison gas.
Duvessa looks even sicker.
Duvessa hits you with a +0 short sword!
* * * LOW HITPOINT WARNING * * *
Duvessa is engulfed in poison gas.
Duvessa looks even sicker.
Duvessa hits you with a +0 short sword!
Ouch! That really hurt!
You die...

#.......#... .##
#.⌠.).⌠.##.# ☼○
#..)....##.# #§###
#.⌠...⌠.##!# #°.§##
#...>...##># #☼.☼○
###.######e#
#☼#§#####☼## #.....
####○#§#§☼○○§§§########.
§§§○§☼§@e..§§°§...... ..
§☼☼§§§○§○#§☼§##.........
§○§○§§§§##.### .........
§°○○§○§§○... .........
§§☼☼§○○☼##### .......##
§☼☼§§§§§§ .......
☼§○§°☼§☼# .... §§§§○§○§§


You could see Duvessa (berserk, very poisoned).

Vanquished Creatures
  Dowan (D:4)
  A dart slug (D:4)
  2 goblins (D:4)
4 creatures vanquished.

Notes
Turn   | Place    | Note
-------+----------+-------------------------------------------
     0 | D:5      | GordonOverkill the Demonspawn Delver began the quest for
                  | the Orb.
     0 | D:5      | Reached XP level 1. HP: 18/18 MP: 1/1
     7 | D:6      | Noticed an ogre
    22 | D:5      | Noticed an ogre
    62 | D:5      | Noticed a jelly
   111 | D:4      | Noticed Duvessa
   112 | D:4      | Noticed Dowan
   240 | D:4      | Killed Dowan
   241 | D:4      | Gained mutation: You have sharp fingernails. [demonic
                  | ancestry]
   241 | D:4      | Reached XP level 2. HP: 18/24 MP: 2/2
   241 | D:4      | Gained mutation: You are partially covered in molten
                  | scales. (AC +2) [demonic ancestry]
   241 | D:4      | Reached XP level 3. HP: 21/29 MP: 3/3
   242 | D:4      | Slain by Duvessa

Illustrated notes

Levels and vault maps discovered:
D:4:      layout_basic, minmay_temple_entry_glassed_door, grunt_ministairs_3,
          uniq_natasha, uniq_duvessa, uniq_crazy_yiuf_cottage
D:5:      layout_basic, lemuel_flamethrower_1, uniq_grinder
D:6:      layout_basic, grunt_ministairs_11

Skill      XL: |  1 |
---------------+----+-----
Axes           | 3 |  3.7
Fighting       | |  3.0
Dodging        | |  1.7
Stealth        | |  4.5

Action                     || total
---------------------------++-------
  Melee: Hand axe          ||    12
  Evoke: Wand              ||     2
    Use: Scroll            ||     4
         Potion            ||     2
 Armour: Leather armour    ||    13
  Dodge: Dodged            ||    10

Table legend: (Time is in decaauts)
 A = Elapsed time spent in this place.
 B = Non-inter-level travel time spent in this place.
 C = Inter-level travel time spent in this place.
 D = Time resting spent in this place.
 E = Time spent auto-exploring this place.
 F = Levels seen in this place.
 G = Mean time per level.
                   A        B        C        D        E       F      G
               +--------+--------+--------+--------+--------+-----+--------+
         Total |    225 |    225 |      0 |     34 |      0 |   3 |   75.0 |
       Dungeon |    225 |    225 |      0 |     34 |      0 |   3 |   75.0 |
               +--------+--------+--------+--------+--------+-----+--------+

Top non-repeatable levels by time:
     D:4: 115 daAuts
     D:5: 97 daAuts
     D:6: 12 daAuts
